AoeStats
← joycebb96

Arabia

509871006Analyzed
2v2 RM · 2d ago on Sep 28, 2026· 39m 16s· 4 players
Game mode
Random Map
Map size
Medium (4 player)
Population
200
Speed
Normal
Resources
Standard
Victory
Conquest
Starting age
Dark Age
Ending age
Imperial Age
RankedLock teamsTeams togetherTeam positionsShared explorationLock speedFull tech treeHidden civsTurbo modeCheats
Victory
Defeat
🇭🇰 Khmer · Hong Kong SAR China
1063
+14
🇭🇰 Goths · Hong Kong SAR China
1036
+15
🇹🇷 Danes · Türkiye
1068
-17
🇹🇷 Magyars · Türkiye
948
-12
DÜBELCİ
7:10 Loom
7:21 Loom
9:56 Feudal Age
19:57 Scale Mail Armor
20:01 Fletching
25:29 Castle Age
24:23 Padded Archer Armor
24:34 Forging
24:18 Double-Bit Axe
24:16 Horse Collar
26:01 Crossbowman
26:05 Pikeman
26:46 Squires
32:53 Wheelbarrow
32:38 Bow Saw
34:26 Heavy Plow
34:22 Gold Mining
35:29 Bodkin Arrow
37:05 Gold Shaft Mining
37:01 Leather Archer Armor
38:12 Ballistics
38:17 Hand Cart
39:03 Iron Casting
rizakarakoc
7:18 Loom
10:09 Feudal Age
11:01 Double-Bit Axe
17:48 Horse Collar
18:15 Scale Barding Armor
22:13 Castle Age
23:25 Gold Mining
32:59 Chain Barding Armor
33:17 Bloodlines
34:31 Bow Saw
joycebb96
8:54 Loom
11:06 Feudal Age
15:42 Castle Age
14:18 Double-Bit Axe
14:38 Man-at-Arms
16:35 Scale Mail Armor
19:18 Long Swordsman
24:49 Wheelbarrow
24:26 Bow Saw
23:59 Horse Collar
24:51 Chain Mail Armor
26:39 Anarchy
27:50 Pikeman
34:44 Imperial Age
33:57 Squires
34:11 Forging
36:11 Iron Casting
35:27 Fletching
36:11 Halberdier
ROnaLD_G4
8:15 Feudal Age
10:18 Horse Collar
10:32 Double-Bit Axe
11:02 Horse Collar
14:13 Bloodlines
16:49 Scale Barding Armor
18:26 Forging
19:09 Loom
19:59 Wheelbarrow
19:22 Gold Mining
23:17 Castle Age
24:18 Bow Saw
24:09 Heavy Plow
27:07 Chain Barding Armor
29:23 Hand Cart
31:19 Stone Mining
32:04 Gold Shaft Mining
31:36 Husbandry
33:40 Stone Shaft Mining
33:23 Devotion
34:30 Iron Casting
34:42 Town Watch
35:28 Fletching
36:33 Ballistics
39:58 Imperial Age
Connection lost

Rejoining the realm…

Still unreachable

The connection could not be restored.

Session expired

The server has moved on; the page needs a fresh start.